 Dungeon Crawl Stone Soup version 0.20.1-1-g8b1a95d (webtiles) character file.

1880 dohliylev the Covert (level 8, -5/59 HPs)
             Began as a Vampire Assassin on Dec 5, 2017.
             Was an Initiate of Nemelex Xobeh.
             Slain by a porcupine (12 damage)
             ... on level 8 of the Dungeon.
             The game lasted 00:30:46 (7289 turns).

dohliylev the Covert (Vampire Assassin)             Turns: 7289, Time: 00:30:46

Health: -5/59      AC:  8    Str: 13    XL:     8   Next: 91%
Magic:  19/19      EV: 14    Int: 16    God:    Nemelex Xobeh [......]
Gold:   303        SH:  0    Dex: 18    Spells: 7/10 levels left

rFire    + . .     SeeInvis +   a - +4 short sword
rCold    x . .     Gourm    .   (no shield)
rNeg     . . .     Faith    .   B - +1 animal skin
rPois    .         Spirit   .   n - +1 helmet {Int+3}
rElec    .         Reflect  .   A - scarf {repulsion}
rCorr    .         Harm     .   x - +2 pair of gloves {Str+3}
MR       .....                  (no boots)
Stlth    +++++.....             (no amulet)
Regen    0.4/turn               H - ring of magical power
MPRegen  0.2/turn               I - ring of fire

@: regenerating quickly, repel missiles
A: fangs 3, see invisible, unbreathing
a: Renounce Religion


You were on level 8 of the Dungeon.
You worshipped Nemelex Xobeh.
Nemelex Xobeh was noncommittal.
You were very full.

You visited 1 branch of the dungeon, and saw 7 of its levels.
You also visited: Sewer.

You collected 323 gold pieces.
You spent 20 gold pieces at shops.

Inventory:

Hand Weapons
 a - a +4 short sword (weapon)
 b - a +0 blowgun
 c - a +2 short sword of draining
Missiles
 e - 8 poisoned needles
 f - 2 curare-tipped needles
Armour
 n - a +1 helmet of intelligence (worn)
 x - a +2 pair of gloves of strength (worn)
 A - a scarf of repulsion (worn)
 B - a +1 animal skin (worn)
 E - +0 ice dragon scales
Magical Staves
 F - an uncursed staff of death
Jewellery
 j - an uncursed ring of ice
 k - an uncursed ring of ice
 m - an uncursed ring of resist corrosion
 H - a ring of magical power (left hand)
 I - a ring of fire (right hand)
 K - a cursed amulet of inaccuracy {unknown}
Scrolls
 i - 2 scrolls of remove curse
 l - 2 scrolls of recharging
 p - 3 scrolls of amnesia
 q - 2 scrolls of enchant armour
 r - 3 scrolls of identify
 s - a scroll of fog
 u - 2 scrolls of blinking {unknown}
 v - a scroll of magic mapping {unknown}
Potions
 d - a potion of ambrosia {unknown}
 g - 8 potions of blood
 h - 5 potions of curing
 o - 2 potions of degeneration {unknown}
 t - 2 potions of invisibility {unknown}
 w - 2 potions of haste {unknown}
 z - 5 potions of flight {unknown}
 C - 3 potions of magic {unknown}
 D - 3 potions of might
 G - a potion of lignification {unknown}
 L - a potion of mutation {unknown}
Books
 y - a book of Conjurations

   Spells                             Type                      Level
   a - Magic Dart                     Conjuration                  1
   b - Searing Ray                    Conjuration                  2
   c - Dazzling Spray                 Conjuration/Hexes            3
   d - Fulminant Prism                Conjuration/Hexes            4
   e - Force Lance                    Conjuration/Translocation    4
   f - Iskenderun's Mystic Blast      Conjuration                  4
Miscellaneous
 J - a plain deck of destruction


   Skills:
 + Level 3.6 Fighting
 - Level 8.2 Short Blades
 - Level 1.5 Throwing
 + Level 3.3 Dodging
 - Level 12.4 Stealth
 + Level 1.5 Spellcasting
 + Level 1.5 Hexes


You had 7 spell levels left.
You knew the following spells:

 Your Spells              Type           Power        Failure   Level  Hunger
a - Dazzling Spray        Conj/Hex       #.....       43%         3    ####...


Dungeon Overview and Level Annotations

Branches:
Dungeon (6/15)             Temple (0/1) D:5

Altars:
Dithmenos
Hepliaklqana
Nemelex Xobeh
Trog
Vehumet
Xom

Shops:
D:5 (**(%   D:6 }


Innate Abilities, Weirdness & Mutations

Your natural rate of healing is unusually fast.
You have razor-sharp teeth.
You have supernaturally acute eyesight. (SInv)
You can survive without breathing.


Message History

The porcupine is heavily wounded.
The porcupine bites you!
You barely miss the porcupine.
The porcupine is heavily wounded.
The porcupine completely misses you.
You are struck by the porcupine's spines.
You hit the porcupine.
The porcupine is heavily wounded.
The porcupine bites you.
You are struck by the porcupine's spines.
You hit the porcupine.
The porcupine is severely wounded.
The porcupine closely misses you.
You are struck by the porcupine's spines.
* * * LOW HITPOINT WARNING * * *
You closely miss the porcupine.
The porcupine is severely wounded.
The porcupine bites you!
You die...
Your body disappears without a glow.

#....# #....#
############....#
..............###
..........÷...#
.......÷......#
..............#
..............##
###....####..@.#
#....#..'..r.#
#....#..#[...#
#....#..#..(.#
#....##...(..#
.....P.(PP.
.P...P.P......
..P.PP..P.P.....
.P.P.PP....PP...


You could see a porcupine.

Vanquished Creatures
  Grinder (D:4)
  A sky beast (D:5)
  A black bear (D:8)
  Purgy (Sewer)
  3 ogres
  A centaur (D:6)
  Blork the orc (D:4)
  A bullfrog (D:6)
  2 scorpions
  A howler monkey (D:5)
  A crimson imp (D:5)
  2 hounds
  A jelly (D:5)
  5 orc wizards
  4 orc priests
  2 iguanas
  2 worker ants
  2 hound skeletons
  A worker ant zombie (D:8)
  Robin (D:3)
  3 gnolls (D:2)
  10 adders
  2 river rats (D:4)
  An ooze (D:1)
  4 worms
  An adder skeleton (D:4)
  4 dart slugs
  4 leopard geckos
  17 orcs
  5 ball pythons
  8 giant cockroaches
  11 hobgoblins
  8 jackals
  9 kobolds
  8 bats
  7 frilled lizards
  A giant cockroach zombie (D:5)
  11 goblins
  A leopard gecko skeleton (D:4)
  6 rats
  A fungus (D:8)
156 creatures vanquished.

Vanquished Creatures (others)
  A bat (D:2)
1 creature vanquished.

Grand Total: 157 creatures vanquished

Notes
Turn   | Place    | Note
-------+----------+-------------------------------------------
     0 | D:1      | dohliylev the Vampire Assassin began the quest for the Orb.
     0 | D:1      | Reached XP level 1. HP: 16/16 MP: 1/1
   110 | D:1      | Reached skill level 6 in Stealth
   600 | D:1      | Reached XP level 2. HP: 16/22 MP: 2/2
   834 | D:1      | Reached skill level 7 in Stealth
  1525 | D:2      | Found a bloodstained altar of Trog.
  1547 | D:2      | Reached XP level 3. HP: 27/27 MP: 3/3
  1606 | D:2      | Found a radiant altar of Vehumet.
  1683 | D:2      | Reached skill level 8 in Stealth
  2121 | D:2      | Reached XP level 4. HP: 22/33 MP: 4/4
  2241 | D:2      | Reached skill level 9 in Stealth
  2378 | D:3      | Reached XP level 5. HP: 33/38 MP: 5/5
  2535 | D:3      | Noticed Robin
  2562 | D:3      | Reached skill level 10 in Stealth
  2578 | D:3      | Killed Robin
  2827 | D:3      | Found a faded altar of an unknown god.
  2923 | D:3      | Learned a level 3 spell: Dazzling Spray
  3240 | D:4      | Reached skill level 11 in Stealth
  3240 | D:4      | Reached XP level 6. HP: 44/44 MP: 6/6
  3461 | D:4      | Found a glowing drain.
  3485 | Sewer    | Entered a sewer
  3535 | Sewer    | Noticed Purgy
  3548 | Sewer    | Killed Purgy
  3548 | Sewer    | Reached skill level 12 in Stealth
  3624 | Sewer    | Learned a level 3 spell: Dazzling Spray
  4701 | D:4      | Reached XP level 7. HP: 45/49 MP: 7/7
  4909 | D:4      | Noticed Blork the orc
  4916 | D:4      | Killed Blork the orc
  4933 | D:4      | Found a shadowy altar of Dithmenos.
  5385 | D:4      | Noticed Grinder
  5388 | D:4      | Killed Grinder
  5408 | D:5      | Entered Level 5 of the Dungeon
  5477 | D:4      | Reached skill level 1 in Spellcasting
  5548 | D:5      | Reached skill level 1 in Hexes
  5589 | D:5      | Reached skill level 5 in Short Blades
  5614 | D:5      | Reached XP level 8. HP: 34/57 MP: 9/9
  5733 | D:5      | Found Nato Vij's General Store.
  5742 | D:5      | Bought a scroll of identify for 20 gold pieces
  5968 | D:5      | Found Miyxkusk's Food Boutique.
  5982 | D:5      | Found Qithovy's Antique Weapon Boutique.
  6009 | D:5      | Found Achiggir's Assorted Antiques.
  6023 | D:5      | Found a staircase to the Ecumenical Temple.
  6044 | D:5      | HP: 2/58 [poisoned by a scorpion]
  6131 | D:5      | Found a hazy altar of Hepliaklqana.
  6255 | D:5      | Found Onlauc's Weapon Shop.
  6564 | D:6      | Found Yguisek's Gadget Shoppe.
  6603 | D:6      | Found a sparkling altar of Nemelex Xobeh.
  6607 | D:6      | Became a worshipper of Nemelex Xobeh the Trickster
  6716 | D:6      | Received a gift from Nemelex Xobeh
  6808 | D:6      | Found a shimmering altar of Xom.
  7137 | D:6      | You fall through a shaft for 2 floors!
  7289 | D:8      | Slain by a porcupine

Skill      XL: |  1  2  3  4  5  6  7  8 |
---------------+-------------------------+-----
Stealth        | 6 7 8 9 11 12 | 12.4
Fighting       | 2 3 |  3.6
Short Blades   | 5 8 |  8.2
Dodging        | 2 3 |  3.3
Spellcasting   | 1 |  1.5
Hexes          | 1 |  1.5
Throwing       | |  1.5

Action                   |  1- 3 |  4- 6 |  7- 9 || total
-------------------------+-------+-------+-------++-------
Melee: Dagger            |    82 |   110 |       ||   192
       Bite              |    15 |    25 |    23 ||    63
       Short sword       |       |   115 |   197 ||   312
       Unarmed           |       |     1 |       ||     1
 Fire: Blowgun           |     7 |    18 |    28 ||    53
 Cast: Dazzling Spray    |       |       |     3 ||     3
 Abil: End Transformatio |       |     3 |       ||     3
       Bat Form          |       |     3 |       ||     3
  Use: Scroll            |       |     5 |     3 ||     8
       Potion            |       |       |     8 ||     8
 Stab: Sleeping          |     9 |    17 |    13 ||    39
       Distracted        |     1 |     1 |       ||     2
  Eat: Corpse            |    11 |    10 |     9 ||    30
Armor: Robe              |    25 |    23 |       ||    48
       Animal skin       |       |    39 |    42 ||    81
Dodge: Dodged            |    48 |   130 |    95 ||   273
       Deflected         |       |     2 |       ||     2
